 Dungeon Crawl Stone Soup version 0.18.1-50-g88ac8fd (webtiles) character file.

288 Gargoyl the Skirmisher (level 6, 29/49 HPs)
             Began as a Demonspawn Abyssal Knight on Oct 9, 2016.
             Was a Believer of Lugonu.
             Quit the game on level 4 of the Dungeon.
             The game lasted 00:07:31 (3097 turns).

Gargoyl the Skirmisher (Demonspawn Abyssal Knight)  Turns: 3097, Time: 00:07:31

Health: 29/49      AC: 13    Str: 15    XL:     6   Next: 9%
Magic:  8/8        EV:  4    Int: 13    God:    Lugonu [**....]
Gold:   221        SH:  0    Dex: 12    Spells: 0 memorised, 5 levels left

rFire  . . .     SeeInvis .     a - +1 hand axe
rCold  . . .     Gourm    .     g - +0 plate armour
rNeg   . . .     Faith    .     (no shield)
rPois  .         Spirit   +     (helmet restricted)
rElec  .         Dismiss  .     (no cloak)
rCorr  .         Reflect  .     (no gloves)
SustAt .         Harm     .     (no boots)
MR     .....                    (no amulet)
Stlth  ..........               (no ring)
                                (no ring)

@: not resistant to hostile enchantments, extremely unstealthy
A: antennae 1, yellow scales 1, magic shield
a: Depart the Abyss, Bend Space, Renounce Religion


You were on level 4 of the Dungeon.
You worshipped Lugonu.
Lugonu was pleased with you.
You were hungry.

You visited 1 branch of the dungeon, and saw 4 of its levels.
You visited the Abyss 1 time.

You collected 221 gold pieces.

Inventory:

Hand Weapons
 a - a +1 hand axe (weapon)
Missiles
 m - 5 tomahawks (quivered)
Armour
 g - a +0 plate armour (worn)
Jewellery
 p - a cursed ring of resist corrosion {unknown}
Wands
 f - a wand of disintegration (6/24)
Scrolls
 e - 4 scrolls of identify
 j - 2 scrolls of remove curse {unknown}
 k - 3 scrolls of recharging {unknown}
 l - a scroll of amnesia {unknown}
 o - a scroll of fog {unknown}
Potions
 b - 2 potions of agility {unknown}
 h - a potion of magic {unknown}
 n - 2 potions of might {unknown}
Comestibles
 c - 4 bread rations
 d - 4 fruits
 i - 2 meat rations


   Skills:
 + Level 4.4 Fighting
 + Level 2.6 Axes
 * Level 3.8 Armour
 + Level 1.4 Dodging
 * Level 3.7 Invocations


You had 5 spell levels left.
You didn't know any spells.

Dungeon Overview and Level Annotations

Branches:
Dungeon (4/15)
 Temple: D:4-7

Altars:
Cheibriados
Elyvilon
Sif Muna
The Shining One


Innate Abilities, Weirdness & Mutations

You have a pair of small antennae on your head.
You are partially covered in yellow scales (AC +2).
When hurt, damage is shared between your health and your magic reserves.


Message History

You closely miss the phantom.
The phantom is almost destroyed.
The phantom hits you but does no damage.
Your plate armour prevents you from hitting the phantom.
The phantom is almost destroyed.
The phantom hits you.
The phantom blinks!
The phantom completely misses you.
You closely miss the phantom.
The phantom is almost destroyed.
The phantom hits you but does no damage.
You slash the phantom!
You destroy the phantom!
Lugonu accepts your kill.
You have reached level 6!
Your experience leads to an increase in your attributes!
Increase (S)trength, (I)ntelligence, or (D)exterity?
You feel stronger.
Your demonic ancestry asserts itself...
You feel your magical essence form a protective shroud around your flesh.
A hound skeleton comes into view.
Are you sure you want to abandon this character and quit the game? (Confirm with "yes".)

....... ......
...###
#....####.....#
#....#..#.>...#
#....#..#.....#
#....#.(#.....+
#....#'##.....#
#.............#
#.<..@...#####
#........#
#........#
#....#####
#....# #....#
#Z...# .....+


You could see a hound skeleton (wandering).

Vanquished Creatures
  A phantom (D:4)
  Ijyb (D:1)
  3 gnolls (D:1)
  6 adders
  A shadow imp (D:3)
  2 oozes (D:1)
  A worm (D:3)
  A dart slug (D:2)
  3 giant geckos (D:1)
  An orc (D:3)
  A ball python (D:2)
  4 giant cockroaches
  9 goblins
  11 hobgoblins
  6 jackals
  A quokka (D:1)
  4 bats
  4 giant newts
  5 kobolds
  6 rats
71 creatures vanquished.

Notes
Turn   | Place    | Note
--------------------------------------------------------------
     0 | Abyss:1  | Gargoyl the Demonspawn Abyssal Knight began the quest for the Orb.
     0 | Abyss:1  | Reached XP level 1. HP: 18/18 MP: 2/2
    10 | Abyss:1  | Noticed an ancient zyme
   112 | Abyss:3  | Noticed a chaos spawn
   136 | Abyss:4  | Noticed a thrashing horror
   139 | D:1      | Escaped the Abyss
   576 | D:1      | Reached * piety under Lugonu
   576 | D:1      | Gained mutation: You have a pair of small antennae on your head. [demonic ancestry]
   576 | D:1      | Reached XP level 2. HP: 24/24 MP: 3/3
   662 | D:1      | Reached skill level 1 in Dodging
  1006 | D:1      | Gained mutation: You are partially covered in yellow scales (AC +2). [demonic ancestry]
  1006 | D:1      | Reached XP level 3. HP: 25/29 MP: 5/5
  1190 | D:2      | Noticed Ijyb
  1217 | D:1      | Killed Ijyb
  1296 | D:1      | Reached XP level 4. HP: 16/37 MP: 6/6
  1306 | D:2      | Found a glowing golden altar of the Shining One.
  1540 | D:1      | Reached skill level 4 in Fighting
  1775 | D:2      | Found a snail-covered altar of Cheibriados.
  1786 | D:2      | Reached ** piety under Lugonu
  1967 | D:2      | Reached XP level 5. HP: 38/42 MP: 7/7
  2923 | D:3      | Found a white marble altar of Elyvilon.
  3020 | D:3      | Found a deep blue altar of Sif Muna.
  3051 | D:4      | Noticed a phantom
  3096 | D:4      | Killed a phantom
  3096 | D:4      | Gained mutation: When hurt, damage is shared between your health and your magic reserves. [demonic ancestry]
  3096 | D:4      | Reached XP level 6. HP: 28/49 MP: 8/8
  3097 | D:4      | Quit the game

Skill      XL: |  1  2  3  4 |
---------------+-------------+-----
Axes           | 2 |  2.6
Dodging        | 1 |  1.4
Armour         | 2 3 |  3.8
Invocations    | 3 |  3.7
Fighting       | 4 |  4.4

Action                   |  1- 3 |  4- 6 || total
-------------------------+-------+-------++-------
Melee: Hand axe          |   125 |   213 ||   338
Invok: Depart the Abyss  |     1 |       ||     1
       Bend Space        |       |     1 ||     1
Evoke: Wand              |     1 |       ||     1
  Use: Potion            |     1 |     2 ||     3
       Scroll            |       |     4 ||     4
  Eat: Chunk             |     2 |     5 ||     7
Armor: Plate armour      |   104 |   279 ||   383
       Leather armour    |     5 |       ||     5
Dodge: Dodged            |    34 |    54 ||    88
